AoeStats
← oO[ToTti]Oo

Fortress

508298177Analyzed
2v2 RM · 10d ago on Sep 21, 2026· 45m 1s· 4 players
Game mode
Random Map
Map size
Normal (6 player)
Population
200
Speed
Normal
Resources
Standard
Victory
Conquest
Starting age
Dark Age
Ending age
Imperial Age
RankedLock teamsTeams togetherTeam positionsShared explorationLock speedFull tech treeHidden civsTurbo modeCheats
Victory
Defeat
🇲🇽 Vietnamese · Mexico
1224
+14
🇦🇷 Turks · Argentina
1210
+14
🇪🇸 Bengalis · Spain
1319
-19
🇪🇸 Britons · Spain
1033
-9
[MF]
7:53 Feudal Age
11:35 Castle Age
9:42 Double-Bit Axe
9:39 Horse Collar
13:57 Bow Saw
14:25 Loom
17:13 Wheelbarrow
17:15 Gold Mining
20:38 Hand Cart
22:38 Town Watch
23:33 Gold Shaft Mining
25:44 Imperial Age
23:41 Fletching
23:52 Padded Archer Armor
23:57 Husbandry
24:13 Masonry
24:26 Bodkin Arrow
25:04 Bloodlines
26:01 Ballistics
26:45 Bracer
27:45 Conscription
27:16 Elite Elephant Archer
29:14 Leather Archer Armor
29:20 Stone Mining
30:39 Ring Archer Armor
30:21 Paiks
34:26 Caravan
34:08 Siege Elephant
35:37 Scale Barding Armor
35:43 Forging
37:45 Chain Barding Armor
37:44 Elite Skirmisher
40:00 Elite Battle Elephant
43:53 Iron Casting
oO[ToTti]Oo
5:41 Loom
8:12 Feudal Age
9:22 Double-Bit Axe
10:22 Wheelbarrow
9:32 Horse Collar
15:12 Castle Age
13:34 Fletching
14:47 Padded Archer Armor
16:47 Bodkin Arrow
18:50 Hand Cart
21:51 Town Watch
23:13 Town Patrol
25:14 Leather Archer Armor
26:20 Yeomen
33:18 Imperial Age
36:17 Elite Skirmisher
38:25 Bracer
42:05 Forging
42:35 Pikeman
45:14 Ballistics
45:43 Ring Archer Armor
Setrakian
7:47 Feudal Age
8:04 Feudal Age
9:45 Loom
10:26 Double-Bit Axe
12:52 Castle Age
10:51 Horse Collar
17:01 Gold Mining
17:01 Stone Mining
17:25 Bow Saw
18:13 Wheelbarrow
18:34 Forging
18:17 Fletching
19:23 Town Watch
19:56 Hand Cart
19:54 Bodkin Arrow
21:19 Ballistics
22:02 Padded Archer Armor
22:27 Padded Archer Armor
22:36 Heavy Plow
23:20 Thumb Ring
28:28 Imperial Age
27:13 Leather Archer Armor
27:49 Bloodlines
27:39 Husbandry
28:05 Scale Barding Armor
29:12 Bracer
30:17 Chemistry
29:05 Elite Rattan Archer
31:29 Ring Archer Armor
30:21 Light Cavalry
32:09 Chain Barding Armor
32:42 Forging
33:41 Chatras
34:50 Paper Money
36:57 Elite Battle Elephant
{ST}Joker
8:58 Feudal Age
12:43 Castle Age
12:55 Loom
17:01 Imperial Age
14:52 Double-Bit Axe
15:36 Horse Collar
16:53 Bow Saw
17:41 Heavy Plow
18:30 Wheelbarrow
19:01 Town Watch
19:47 Conscription
25:40 Padded Archer Armor
25:59 Fletching
27:22 Bodkin Arrow
29:00 Ballistics
30:01 Bracer
30:49 Thumb Ring
32:14 Parthian Tactics
32:29 Leather Archer Armor
32:52 Bloodlines
32:43 Husbandry
34:34 Ring Archer Armor
36:54 Two-Man Saw
35:53 Gold Mining
35:54 Stone Mining
38:06 Scale Barding Armor
38:12 Forging
40:40 Chain Barding Armor
40:57 Iron Casting
39:51 Heavy Cavalry Archer
42:34 Plate Barding Armor
42:51 Hand Cart
42:38 Town Patrol
43:39 Blast Furnace
Connection lost

Rejoining the realm…

Still unreachable

The connection could not be restored.

Session expired

The server has moved on; the page needs a fresh start.